 Dungeon Crawl Stone Soup version 0.29.1-12-g30fa7ad0bf (webtiles) character file.

Game seed: 10133773145412453009

263164 GeoRichter the Brawler (level 19, -13/196 HPs)
             Began as a Troll Fighter on Dec 20, 2022.
             Was an Initiate of Gozag.
             Killed by a resonance strike
             ... invoked by a ragged hierophant
              (15 damage)
             ... in the Desolation of Salt.
             The game lasted 01:45:22 (37088 turns).

GeoRichter the Brawler (Troll Fighter)             Turns: 37088, Time: 01:45:22

Health: -13/196    AC: 24    Str: 42    XL:     19   Next: 24%
Magic:  18/18      EV:  9    Int: 10    God:    Gozag
Gold:   1957       SH: 13    Dex: 13    Spells: 18/18 levels left

rFire   + + .      SeeInvis +     - Unarmed
rCold   + . .      Faith    .   b - +1 kite shield
rNeg    + . .      Spirit   .   B - +3 shadow dragon scales "Cebesug" {Fly rPois Will- Str+5 Stlth++++}
rPois   +          Reflect  .   X - +3 crown of Dyrovepreva {rElec Int+2 SInv}
rElec   +          Harm     .   D - scarf {rC+ rF+}
rCorr   +          Rampage  .   (gloves unavailable)
Will    .....                   (boots unavailable)
Stlth   +++.......              h - amulet of Mainkad {Regen+ Stlth+}
HPRegen 2.02/turn               d - ring of Siwkevvi {rElec Will+ rCorr}
MPRegen 0.16/turn               p - ring "Ippinnef" {rF+ rN+ Str+6 Int+4}

@: about to teleport, weak-willed, gold aura, flying, slowed, very slow
A: large, unfitting armour, claws 3, regeneration 1, shaggy fur 1, tough skin 1
}: 2/15 runes: barnacled, gossamer
a: Renounce Religion, Potion Petition, Call Merchant, Bribe Branch


You were in the Desolation of Salt.
You worshipped Gozag.
Gozag was most pleased with you.
You visited 6 branches of the dungeon, and saw 32 of its levels.
You also visited: Sewer, Bailey, Ice Cave and Desolation.

You collected 15322 gold pieces.
You spent 5545 gold pieces at shops.
You paid 7820 gold pieces to Gozag.

Inventory:

Hand Weapons
 y - a +7 spectral executioner's axe
   (You took it off an orc warlord in a bailey)
Missiles
 G - 6 throwing nets {!f}
 P - 34 large rocks (quivered)
 U - 15 javelins
 Y - 9 silver javelins
Armour
 b - a +1 kite shield (worn)
 j - a +1 cloak of cold resistance
   (You found it in an ice cave)
 B - the +3 shadow dragon scales "Cebesug" (worn) {Fly rPois Will- Str+5 Stlth++++}
   (You bought it in a shop on level 2 of the Dungeon)

   Str:       It affects your strength (+5).
   rPois:     It protects you from poison.
   Fly:       It grants you flight.
   Will:      It decreases your willpower.
   Stlth:     It makes you much more stealthy.
 D - a scarf of resistance (worn)
   (You found it on level 4 of the Spider Nest)
 F - a +1 hat of willpower
   (You found it on level 1 of the Elven Halls)
 X - the +3 crown of Dyrovepreva (worn) {rElec Int+2 SInv}
   (You bought it in a shop on level 1 of the Shoals)

   Int:       It affects your intelligence (+2).
   rElec:     It insulates you from electricity.
   SInv:      It lets you see invisible.
Jewellery
 d - the ring of Siwkevvi (left claw) {rElec Will+ rCorr}
   (You bought it in a shop on level 1 of the Spider Nest)

   [ring of willpower]

   rElec:     It insulates you from electricity.
   rCorr:     It protects you from acid and corrosion.
   Will:      It increases your willpower.
 h - the amulet of Mainkad (around neck) {Regen+ Stlth+}
   (You acquired it on level 1 of the Elven Halls)

   [amulet of regeneration]

   Regen:     It increases your rate of health regeneration.
   Stlth:     It makes you more stealthy.
 p - the ring "Ippinnef" (right claw) {rF+ rN+ Str+6 Int+4}
   (You found it on level 4 of the Spider Nest)

   [ring of strength]

   Str:       It affects your strength (+6).
   Int:       It affects your intelligence (+4).
   rF:        It protects you from fire.
   rN:        It protects you from negative energy.
 z - a ring of protection from cold
   (You took it off a gnoll on level 4 of the Dungeon)
 C - a ring of willpower
   (You found it on level 8 of the Dungeon)
 L - a ring of poison resistance
   (You took it off a gnoll on level 7 of the Dungeon)
 S - a ring of see invisible
   (You found it on level 4 of the Lair of Beasts)
 T - a ring of protection from fire
   (You found it on level 2 of the Spider Nest)
Wands
 a - a wand of acid (6)
   (You found it on level 10 of the Dungeon)
 s - a wand of digging (17)
   (You found it on level 3 of the Dungeon)
 J - a wand of polymorph (28)
   (You found it on level 6 of the Dungeon)
 O - a wand of paralysis (14)
   (You found it on level 8 of the Dungeon)
 R - a wand of iceblast (28)
   (You found it on level 4 of the Lair of Beasts)
Scrolls
 c - 7 scrolls of poison
 e - 3 scrolls of amnesia
 f - 7 scrolls of vulnerability {!r}
 o - 8 scrolls of enchant weapon
 u - 3 scrolls of butterflies
 w - 2 scrolls of fear
 x - 6 scrolls of enchant armour
 A - 3 scrolls of magic mapping
 E - 4 scrolls of torment {!r}
 H - 6 scrolls of teleportation {@r4}
 M - a scroll of silence
 V - 3 scrolls of immolation {!r}
Potions
 i - 2 potions of magic
 k - 2 potions of lignification {!q}
 l - 4 potions of heal wounds {@q2}
 m - 5 potions of invisibility
 n - 11 potions of brilliance
 q - 11 potions of curing {@q1}
 r - 5 potions of attraction {!q}
 t - 4 potions of ambrosia
 v - 10 potions of flight
 I - 2 potions of might
 K - 3 potions of mutation {!q}
 N - 4 potions of cancellation
 W - 6 potions of haste {@q3}
Miscellaneous
 Q - a phantom mirror
   (You found it on level 2 of the Shoals)
 Z - a condenser vane
   (You found it on level 4 of the Shoals)


   Skills:
 * Level 13.8 Fighting
 + Level 11.9 Throwing
 + Level 10.8 Armour
 - Level 6.5 Dodging
 + Level 13.3 Shields
 * Level 20.7 Unarmed Combat
 - Level 6.0 Evocations


You had 18 spell levels left.
You didn't know any spells.
Your spell library contained the following spells:

 Spells                   Type           Power      Damage    Failure   Level
 Apportation              Tloc           0%         N/A       86%         1
 Foxfire                  Conj/Fire      0%         2x1d4     86%         1
 Freeze                   Ice            0%         1d3       86%         1
 Magic Dart               Conj           0%         1d3       86%         1
 Shock                    Conj/Air       0%         1d3       86%         1
 Sting                    Tmut/Pois      0%         1d3       86%         1
 Summon Small Mammal      Summ           0%         N/A       86%         1
 Blink                    Tloc           0%         N/A       94%         2
 Call Imp                 Summ           0%         N/A       94%         2
 Ensorcelled Hibernation  Hex/Ice        0%         N/A       94%         2
 Poisonous Vapours        Pois/Air       0%         N/A       94%         2
 Scorch                   Fire           0%         2d5       94%         2
 Call Canine Familiar     Summ           0%         N/A       99%         3
 Confusing Touch          Hex            0%         N/A       99%         3
 Conjure Flame            Conj/Fire      0%         6-21      99%         3
 Dazzling Flash           Conj/Hex       0%         N/A       99%         3
 Frozen Ramparts          Ice            0%         1d1       99%         3
 Inner Flame              Hex/Fire       0%         N/A       99%         3
 Lesser Beckoning         Tloc           0%         N/A       99%         3
 Mephitic Cloud           Conj/Pois/Air  0%         N/A       99%         3
 Portal Projectile        Hex/Tloc       0%         N/A       99%         3
 Spider Form              Tmut/Pois      0%         N/A       99%         3
 Summon Guardian Golem    Hex/Summ       0%         N/A       99%         3
 Tukima's Dance           Hex            0%         N/A       99%         3
 Anguish                  Hex/Necr       0%         N/A       100%        4
 Animate Armour           Summ/Erth      0%         N/A       100%        4
 Dispel Undead            Necr           0%         3d6       100%        4
 Flame Wave               Conj/Fire      0%         2d4       100%        4
 Fulminant Prism          Conj/Hex       0%         3d6       100%        4
 Hailstorm                Conj/Ice       0%         3d3       100%        4
 Ice Form                 Ice/Tmut       0%         N/A       100%        4
 Iskenderun's Mystic Bla  Conj/Tloc      0%         2d3       100%        4
 Leda's Liquefaction      Hex/Erth       0%         N/A       100%        4
 Olgreb's Toxic Radiance  Pois           0%         N/A       100%        4
 Petrify                  Tmut/Erth      0%         N/A       100%        4
 Summon Ice Beast         Ice/Summ       0%         N/A       100%        4
 Agony                    Necr           0%         N/A       100%        5
 Alistair's Intoxication  Tmut/Pois      0%         N/A       100%        5
 Blade Hands              Tmut           0%         N/A       100%        5
 Borgnjor's Vile Clutch   Necr/Erth      0%         N/A       100%        5
 Freezing Cloud           Conj/Ice/Air   0%         6-21      100%        5
 Irradiate                Conj/Tmut      0%         3d11      100%        5
 Lee's Rapid Deconstruct  Erth           0%         3d5*      100%        5
 Metabolic Englaciation   Hex/Ice        0%         N/A       100%        5
 Silence                  Hex/Air        0%         N/A       100%        5
 Summon Mana Viper        Hex/Summ       0%         N/A       100%        5
 Yara's Violent Unravell  Hex/Tmut       0%         3d3       100%        5
 Conjure Ball Lightning   Conj/Air       0%         3x3d6     100%        6
 Death Channel            Necr           0%         N/A       100%        6
 Eringya's Noxious Bog    Tmut/Pois      0%         N/A       100%        6
 Iron Shot                Conj/Erth      0%         9d1       100%        6
 Statue Form              Tmut/Erth      0%         N/A       100%        6
 Summon Cactus Giant      Summ           0%         N/A       100%        6
 Enfeeble                 Hex            0%         N/A       100%        7
 Discord                  Hex            0%         N/A       100%        8
 Disjunction              Tloc           0%         N/A       100%        8
 Chain Lightning          Conj/Air       0%         N/A       100%        9
 Polar Vortex             Ice            0%         N/A       100%        9
 Corpse Rot               Necr/Pois/Air  Unusable   N/A       N/A         4
 Simulacrum               Ice/Necr       Unusable   N/A       N/A         6

Dungeon Overview and Level Annotations

Branches:
Dungeon (15/15) Zot: 25926  Temple (0/1) D:7            Lair (5/5) D:11 Zot: 24450
 Shoals (4/4) Lair:3 Zot: 20060  Spider (4/4) Lair:3 Zot: 16942   Slime (0/5) Lair:5
    Orc (2/2) D:9 Zot: 9767     Elf (2/3) Orc:2 Zot: 10857  Vaults (0/5) D:13
 Depths (0/4) D:15          Sewer (visited)          Bailey (visited)
  IceCv (visited)         Desolation (1/1) Zot: 5381

Altars:
Ashenzari
Cheibriados
Elyvilon
Fedhas
Gozag
Hepliaklqana
Kikubaaqudgha
Makhleb
Nemelex Xobeh
Qazlal
Sif Muna
Uskayaw
Wu Jian
Xom
Zin
The Shining One

Shops:
D:2 [   Orc:1 :   Orc:2 (*([?   Elf:1 !   Lair:3 [[*   Shoals:1 [   Shoals:3 =
Spider:1 [=!

Annotations:
D:3 2 runed translucent doors, joakim's ghost, amateur MiBe
D:6 1 runed translucent door, joakim's ghost, novice MiBe


Innate Abilities, Weirdness & Mutations

You are too large for most types of armour.
You have claws for hands.
Your natural rate of healing is unusually fast.
You are covered in fur. (AC +1)
You have tough skin. (AC +1)


Message History

The halazid warlock casts a spell.
Send 'em back where they came from!
Your saltling shudders.
Your ragged hierophant dissolves into shadows!
Your saltling dissolves into shadows! x2; Your saltling shudders.
Your servant of whispers dissolves into shadows!
Your saltling dissolves into shadows! x2
Your guardian serpent dissolves into shadows!
The ironbound convoker hits your saltling with a +3 great mace!
Your saltling is destroyed!
Your saltling dissolves into shadows!
Your saltling hits the ironbound convoker!
The guardian serpent hits your saltling!!
The ragged hierophant casts a spell.
The ragged hierophant begins to accept its allies' injuries.
As you read the scroll of teleportation {@r4}, it crumbles to dust.
You feel strangely unstable.
The guardian serpent coils itself and waves its upper body at you.
The ironbound convoker blinks!
The halazid warlock blinks!
The ragged hierophant blinks!
Your saltling hits the guardian serpent!
The ironbound convoker gestures at the ragged hierophant while chanting.
The ragged hierophant seems to grow stronger.
The guardian serpent hits your saltling.
Your saltling hits the guardian serpent!
Your saltling barely misses the ironbound convoker.
The halazid warlock attacks as you move away!
The halazid warlock touches you but does no damage.
Your peacekeeper roars a battlecry!
Your saltlings go into a battle-frenzy!
The guardian serpent completely misses your saltling.
The ragged hierophant is distracted by your dazzling golden aura.
The ironbound convoker gestures at the ragged hierophant while chanting.
The ragged hierophant seems to grow stronger.
The ragged hierophant gestures at you while chanting.
A blast of power from the earth strikes you!
* * * LOW HITPOINT WARNING * * *
Your saltling barely misses the ironbound convoker.
Your saltling hits the guardian serpent!
The guardian serpent hits your saltling but does no damage.
The halazid warlock gestures at you while chanting.
The bolt of cold hits you!! You resist.
* * * LOW HITPOINT WARNING * * *
Your saltling misses the guardian serpent.
Your saltling hits the ironbound convoker!!
The ironbound convoker dies!
The ragged hierophant points at you and mumbles some strange words.
A blast of power from the earth strikes you!
You die...
Your body crumbles into a pile of gold.

§§§ §§ §§§§... §§ §.§§..#
..§..§§..# .§..§§§§§
§§§§§§§§##......
####§§§§..#........
#..@p...§.....#..###
##.............#.##§. .
#...La$..........§§§§
..##..#a.9.....#....#§§§
......9#$..........§#..#
......89#.§.#...).#.§§§#.
.......S............§§§#.
......§.............§§§#§
..#.#.....#...#............


You could see 2 ragged hierophants, a halazid warlock (strong, sheltered), an
ironbound convoker (sheltered), a guardian serpent (distracted, ally target), a
friendly peacekeeper (summoned) and 2 friendly saltlings.

Vanquished Creatures
  A storm dragon (Shoals:4)
  Roxanne (Spider:2)
  2 frost giants (Shoals:2)
  3 ghost moths
  3 orc warlords
  2 imperial myrmidons (Desolation)
  Aizul (Spider:2)
  An emperor scorpion (Spider:4)
  2 reapers (IceCv)
  2 angels (Elf:2)
  7 broodmothers
  A halazid warlock (Desolation)
  The ghost of Tacit the Basher, a journeyman GrMo of Gozag (Spider:2)
  A deep elf demonologist (Elf:1)
  9 entropy weavers
  2 spark wasps
  A crystal guardian (Desolation)
  2 fire dragons (D:15)
  9 merfolk impalers
  6 merfolk javelineers (Shoals:4)
  4 ragged hierophants (Desolation)
  Snorg (Lair:3)
  A deep elf high priest (Elf:1)
  4 servants of whispers (Desolation)
  5 vault guards (D:13)
  3 hydras
  An ice dragon (D:15)
  2 caustic shrike simulacra (IceCv)
  7 boulder beetles
  4 peacekeepers (Desolation)
  3 jorogumos
  6 ogre magi
  A radroach (Spider:2)
  5 centaur warriors
  3 merfolk aquamancers
  18 two-headed ogres
  2 merfolk avatars
  5 catoblepae
  24 death yaks
  2 satyrs
  2 orc high priests
  The ghost of satrion the Abyss-Baptised, a novice DsAK of Lugonu (D:9)
  3 dancing weapons (Elf:1)
  2 deep elf knights
  Urug (Lair:5)
  Amaemon (Lair:2)
  6 pharaoh ants
  3 steelbarb worms
  7 sea snakes
  5 spriggan simulacra (IceCv)
  An orange crystal statue (IceCv)
  A wizard (D:13)
  13 orb spiders
  A kraken simulacrum (Shoals:2)
  A bog body (IceCv)
  2 deep elf archers
  2 ironbound convokers (Desolation)
  An orc knight (Orc:1)
  9 deep elf pyromancers
  11 harpies
  An obsidian statue (IceCv)
  25 wolf spiders
  3 deep elf zephyrmancers (Elf:1)
  7 cyclopes
  2 orc sorcerers
  14 fauns
  16 ugly things
  21 manticores
  2 moths of wrath (Spider:2)
  4 merfolk sirens
  11 elephants
  6 water nymphs
  2 guardian serpents (Desolation)
  2 black mambas
  2 gargoyles
  An orange demon (Lair:2)
  7 torpor snails
  11 cane toads
  16 demonic crawlers
  7 freezing wraiths
  2 rime drakes
  2 kobold demonologists
  2 unseen horrors (D:11)
  6 komodo dragons
  4 tengu conjurers
  Psyche (D:9)
  An ice devil (IceCv)
  An anaconda simulacrum (IceCv)
  7 trolls
  27 merfolk
  A meliai (Spider:4)
  Prince Ribbit (D:8)
  2 polar bears
  27 tarantellas
  2 hornets
  5 slime creatures (D:12)
  15 blink frogs
  10 wind drakes
  32 saltlings (Desolation)
  10 snapping turtles
  Sigmund (D:3)
  5 air elementals
  A spriggan (shapeshifter) (D:14)
  23 jumping spiders
  4 shadows
  18 water elementals
  A culicivora (shapeshifter) (D:14)
  2 vampires (D:11)
  A ynoxinul (D:9)
  A dire elephant simulacrum (IceCv)
  23 culicivoras
  7 wyverns
  5 wraiths
  A human (D:13)
  A basilisk (shapeshifter) (D:15)
  53 redbacks
  43 yaks
  6 basilisks
  A sea snake simulacrum (Shoals:2)
  A warg (shapeshifter) (Elf:1)
  4 alligator snapping turtle simulacra (Shoals:2)
  A minotaur simulacrum (IceCv)
  A steam dragon (D:7)
  2 vampire mosquitoes (Spider:4)
  Menkaure (D:5)
  4 death yak simulacra (Shoals:2)
  A warg (Orc:1)
  2 harpy simulacra
  4 acid dragons
  14 water moccasins
  32 orc warriors
  30 ogres
  An alligator simulacrum (IceCv)
  An ettin simulacrum (IceCv)
  2 ice beasts
  2 black bears
  2 sky beasts
  3 boggarts (D:14)
  10 centaurs
  13 wolves
  Blork the orc (D:4)
  4 kobold brigands
  12 bullfrogs
  3 gnoll sergeants
  5 scorpions
  5 deep troll simulacra (IceCv)
  3 merfolk simulacra (Shoals:2)
  2 earth elementals (Elf:1)
  A faun simulacrum (Shoals:2)
  10 wights
  4 killer bees
  A manticore simulacrum (Shoals:2)
  13 howler monkeys
  6 electric eels
  A lava snake (D:13)
  26 orc priests
  2 hounds (D:4)
  2 jellies
  Crazy Yiuf (D:2)
  2 gnoll boudas
  5 cyclops simulacra (Shoals:2)
  An iguana (D:4)
  Natasha (thrice) (D:3)
  18 orc wizards
  8 hell rats
  2 centaur simulacra (Shoals:2)
  33 gnolls
  13 adders
  15 river rats
  A shadow imp (D:6)
  A white imp (D:5)
  2 worms
  6 dart slugs
  104 orcs
  5 ball pythons
  2 endoplasms
  6 giant cockroaches
  20 goblins
  10 hobgoblins
  9 jackals
  6 kobolds
  4 quokkas
  9 bats
  11 frilled lizards
  11 rats
  A tentacle (Shoals:2)
1287 creatures vanquished.

Vanquished Creatures (collateral kills)
  An imperial myrmidon (Desolation)
  2 peacekeepers (Desolation)
  An ironbound convoker (Desolation)
  3 saltlings (Desolation)
  A culicivora (Spider:3)
  A jumping spider (Spider:3)
9 creatures vanquished.

Vanquished Creatures (others)
  A deep elf knight (Elf:1)
  A pharaoh ant (Spider:4)
  A tarantella (Spider:4)
  A culicivora (Spider:4)
  A howler monkey (D:12)
  13 fungi
  76 plants
  3 tentacles (Shoals:2)
97 creatures vanquished.

Grand Total: 1393 creatures vanquished

Notes
Turn   | Place    | Note
-------+----------+-------------------------------------------
     0 | D:1      | GeoRichter the Troll Fighter began the quest for the Orb.
     0 | D:1      | Reached XP level 1. HP: 22/22 MP: 0/0
   172 | D:1      | Reached XP level 2. HP: 29/29 MP: 1/1
   436 | D:1      | Reached skill level 3 in Unarmed Combat
   574 | D:1      | Found a faded altar of an unknown god.
   859 | D:2      | Reached XP level 3. HP: 36/36 MP: 2/2
   861 | D:2      | Found Juarr's Antique Armour Shop.
   980 | D:2      | Reached XP level 4. HP: 45/45 MP: 3/3
   983 | D:2      | Found a hazy altar of Hepliaklqana.
  1143 | D:2      | Reached skill level 4 in Unarmed Combat
  1211 | D:2      | Found a runed translucent door.
  1212 | D:2      | Noticed Crazy Yiuf
  1485 | D:2      | Killed Crazy Yiuf
  1486 | D:2      | Reached XP level 5. HP: 27/53 MP: 4/4
  1577 | D:3      | Noticed Natasha
  1581 | D:3      | Killed Natasha
  1611 | D:3      | Found a shimmering altar of Xom.
  1611 | D:3      | Found a burning altar of Makhleb.
  1613 | D:3      | Found a sparkling altar of Nemelex Xobeh.
  1734 | D:3      | Noticed Sigmund
  1741 | D:3      | Killed Sigmund
  1742 | D:3      | Reached skill level 5 in Unarmed Combat
  1742 | D:3      | Reached XP level 6. HP: 54/62 MP: 5/5
  1753 | D:3      | Found a large runed translucent door.
  1754 | D:3      | Found a large runed translucent door.
  1856 | D:3      | Noticed joakim's ghost (amateur MiBe)
  1861 | D:3      | Noticed Natasha
  1866 | D:3      | Killed Natasha
  1875 | D:3      | Noticed Natasha
  1885 | D:3      | Killed Natasha
  1907 | D:3      | Reached skill level 6 in Unarmed Combat
  1907 | D:3      | Reached XP level 7. HP: 56/70 MP: 6/6
  2151 | D:3      | Found a glowing silver altar of Zin.
  2253 | D:3      | Found an opulent altar of Gozag.
  2359 | D:3      | Became a worshipper of Gozag Ym Sagoz the Greedy
  2441 | D:4      | Found an ornate altar of the Wu Jian Council.
  2441 | D:4      | Found a blossoming altar of Fedhas.
  2442 | D:4      | Found a white marble altar of Elyvilon.
  2662 | D:4      | Found a glowing drain.
  2679 | Sewer    | Entered a sewer
  2952 | Sewer    | Reached skill level 7 in Unarmed Combat
  3652 | D:4      | Noticed Blork the orc
  3661 | D:4      | Killed Blork the orc
  3695 | D:4      | Found a shimmering blue altar of Sif Muna.
  3750 | D:5      | Entered Level 5 of the Dungeon
  3793 | D:4      | Reached XP level 8. HP: 78/78 MP: 7/7
  3847 | D:5      | Noticed Menkaure
  3853 | D:5      | Killed Menkaure
  3998 | D:5      | Found a hide-covered altar of Uskayaw.
  4127 | D:5      | Reached skill level 8 in Unarmed Combat
  4833 | D:6      | Reached skill level 5 in Shields
  4883 | D:6      | Reached skill level 9 in Unarmed Combat
  4883 | D:6      | Reached XP level 9. HP: 48/84 MP: 8/8
  4939 | D:6      | Noticed joakim's ghost (novice MiBe)
  4968 | D:6      | Found a runed translucent door.
  5270 | D:6      | Reached skill level 5 in Dodging
  5895 | D:7      | Reached skill level 10 in Unarmed Combat
  6058 | D:7      | Found a staircase to the Ecumenical Temple.
  6406 | D:8      | Noticed Prince Ribbit
  6431 | D:8      | Killed Prince Ribbit
  6567 | D:8      | Paralysed by a hornet for 2 turns
  6574 | D:8      | Paralysed by a hornet for 1 turns
  6632 | D:8      | Reached XP level 10. HP: 66/92 MP: 9/9
  6663 | D:8      | Found a flagged portal.
  6669 | Bailey   | Entered a bailey
  6830 | Bailey   | Reached skill level 11 in Unarmed Combat
  7160 | Bailey   | Noticed an orc warlord
  7178 | Bailey   | Killed an orc warlord
  7332 | Bailey   | Reached XP level 11. HP: 100/100 MP: 10/10
  7495 | D:2      | Bought encrusted shadow dragon scales for 1700 gold pieces
  7495 | D:2      | Identified the +3 shadow dragon scales "Cebesug" {Fly rPois
                  | Will- Str+5 Stlth++++} (You bought it in a shop on level 2
                  | of the Dungeon)
  8155 | D:8      | Identified a scroll of acquirement
  8156 | D:8      | Acquired 743 gold pieces
  8266 | D:9      | Found a staircase to the Orcish Mines.
  8341 | D:9      | Noticed Psyche
  8345 | D:9      | Killed Psyche
  8356 | D:9      | Reached skill level 1 in Throwing
  8383 | D:9      | Reached skill level 1 in Armour
  8406 | D:9      | Reached skill level 12 in Unarmed Combat
  8457 | D:9      | Noticed satrion's ghost (novice DsAK)
  8479 | D:9      | Noticed a centaur warrior
  8703 | D:9      | Found a glowing golden altar of the Shining One.
  8784 | D:9      | Noticed a two-headed ogre
  8794 | D:9      | Killed a two-headed ogre
  8839 | D:9      | Noticed a two-headed ogre
  8848 | D:9      | Killed a two-headed ogre
  8933 | D:9      | Found a runed translucent door.
  9024 | D:10     | Entered Level 10 of the Dungeon
  9197 | D:10     | Noticed a boulder beetle
  9201 | D:10     | Found a runed translucent door.
  9234 | D:10     | Noticed a deep elf pyromancer
  9251 | D:10     | Reached XP level 12. HP: 94/110 MP: 11/11
  9326 | D:10     | Identified the +7 sling "Ewkag" {vorpal, rElec rF+ Str+3
                  | Int-5}
  9349 | D:10     | Reached skill level 5 in Fighting
  9907 | D:10     | Killed a boulder beetle
  9908 | D:10     | Reached skill level 13 in Unarmed Combat
  9990 | D:11     | Noticed a death yak
  9991 | D:11     | Noticed a death yak
  9993 | D:11     | Found a staircase to the Lair.
  9999 | D:11     | Noticed a death yak
 10008 | D:10     | Killed a death yak
 10024 | D:10     | Killed a death yak
 10032 | D:10     | Killed a death yak
 10107 | D:11     | Noticed a two-headed ogre
 10118 | D:10     | Killed a two-headed ogre
 10223 | D:11     | Noticed a two-headed ogre
 10235 | D:10     | Killed a two-headed ogre
 10400 | D:11     | Noticed an ogre mage
 10590 | D:11     | Found an ancient bone altar of Kikubaaqudgha.
 10644 | D:11     | Reached skill level 14 in Unarmed Combat
 10803 | D:11     | Reached skill level 5 in Throwing
 10889 | D:11     | Noticed a boulder beetle
 10907 | D:11     | Killed a boulder beetle
 10908 | D:11     | Reached XP level 13. HP: 72/120 MP: 12/12
 11486 | Lair:1   | Entered Level 1 of the Lair of Beasts
 12164 | Lair:1   | Reached skill level 1 in Evocations
 12282 | Lair:1   | Reached skill level 5 in Armour
 12424 | Lair:1   | Identified the +7 trident "Plog" {antimagic, rPois rC+
                  | SInv}
 13327 | Lair:2   | Noticed Amaemon
 13340 | Lair:2   | Killed Amaemon
 13745 | Lair:3   | Bought a potion of heal wounds for 175 gold pieces
 13749 | Lair:3   | Bought a glowing scarf for 256 gold pieces
 13781 | Lair:3   | Reached skill level 15 in Unarmed Combat
 13875 | Lair:3   | Noticed Snorg
 13884 | Lair:3   | Killed Snorg
 13912 | Lair:3   | Found a staircase to the Shoals.
 14290 | Lair:3   | Found a hole to the Spider Nest.
 14445 | Lair:4   | Identified the +1 ring mail of Twilight {Dex+2}
 14654 | Lair:4   | Reached XP level 14. HP: 28/133 MP: 13/13
 15228 | Lair:5   | Entered Level 5 of the Lair of Beasts
 15523 | Lair:5   | Reached skill level 16 in Unarmed Combat
 16250 | Lair:5   | Found a staircase to the Slime Pits.
 16352 | Lair:5   | Noticed Urug
 16372 | Lair:5   | Killed Urug
 17805 | D:9      | Killed satrion's ghost
 17806 | D:9      | Reached XP level 15. HP: 145/145 MP: 14/14
 17826 | D:9      | Got the Compendium of Clay
 17914 | Orc:1    | Entered Level 1 of the Orcish Mines
 18036 | Orc:2    | Entered Level 2 of the Orcish Mines
 18036 | Orc:2    | Found a staircase to the Elven Halls.
 18042 | Orc:2    | Noticed an orc warlord
 18137 | Orc:1    | Killed an orc warlord
 18428 | Orc:2    | Found Zogom's Antique Weapon Shop.
 18557 | Orc:2    | Paralysed by something for 4 turns
 18694 | Orc:2    | Reached skill level 5 in Evocations
 18874 | Orc:2    | Reached skill level 17 in Unarmed Combat
 18976 | Orc:2    | Found Akacvius's Assorted Antiques.
 18976 | Orc:2    | Found Busesow's Antique Weapon Emporium.
 18977 | Orc:2    | Found Daodduts's Antique Armour Emporium.
 18977 | Orc:2    | Found Giem's Magic Scroll Shop.
 19003 | Orc:2    | Bought a scroll of torment for 133 gold pieces
 19003 | Orc:2    | Bought a scroll of poison for 56 gold pieces
 19003 | Orc:2    | Bought a scroll of fear for 56 gold pieces
 19005 | Orc:2    | Bought a grey potion for 28 gold pieces
 19005 | Orc:2    | Bought a scroll of fear for 128 gold pieces
 19007 | Orc:2    | Bought a glowing cloak for 210 gold pieces
 19335 | Orc:1    | Found Geonyoxt's Book Shoppe.
 19651 | Orc:1    | Noticed an orc warlord
 19901 | Orc:1    | Killed an orc warlord
 20482 | D:13     | Found a snail-covered altar of Cheibriados.
 20769 | D:13     | Found a gate to the Vaults.
 21999 | D:15     | Entered Level 15 of the Dungeon
 22406 | D:15     | Reached XP level 16. HP: 135/158 MP: 15/15
 22642 | D:15     | Reached skill level 10 in Fighting
 22834 | D:15     | Found a staircase to the Depths.
 23113 | Spider:1 | Entered Level 1 of the Spider Nest
 23773 | Spider:1 | Reached skill level 18 in Unarmed Combat
 23796 | Spider:1 | Bought the ring of Siwkevvi {rElec Will+ rCorr} for 669
                  | gold pieces
 23798 | Spider:1 | Bought a potion of invisibility for 144 gold pieces
 23798 | Spider:1 | Bought a potion of cancellation for 144 gold pieces
 23798 | Spider:1 | Bought a potion of heal wounds for 90 gold pieces
 23798 | Spider:1 | Bought a potion of heal wounds for 90 gold pieces
 23798 | Spider:1 | Bought a potion of heal wounds for 90 gold pieces
 23798 | Spider:1 | Bought a potion of heal wounds for 90 gold pieces
 24770 | Spider:2 | Noticed Roxanne
 24783 | Spider:2 | Killed Roxanne
 24948 | Spider:2 | Noticed Aizul
 24970 | Spider:2 | Killed Aizul
 25227 | Spider:2 | Found a runed translucent gate.
 25227 | Spider:2 | Found a runed translucent gate.
 25227 | Spider:2 | Found a runed translucent gate.
 25227 | Spider:2 | Noticed Tacit's ghost (journeyman GrMo)
 25738 | Spider:2 | Killed Tacit's ghost
 25883 | Spider:3 | Found a frozen archway.
 25895 | IceCv    | Entered an ice cave
 27125 | Spider:3 | Reached skill level 10 in Throwing
 27147 | Spider:3 | Reached XP level 17. HP: 130/166 MP: 16/16
 27753 | Spider:4 | Entered Level 4 of the Spider Nest
 28766 | Spider:3 | Reached skill level 19 in Unarmed Combat
 30053 | Spider:4 | Identified the ring "Ippinnef" {rF+ rN+ Str+6 Int+4}
 30781 | Spider:4 | Got a gossamer rune of Zot
 30796 | Spider:4 | Identified the +0 pair of boots of Ru's Righteous Anger
                  | {rF+ rN+ Int-3}
 31053 | Shoals:1 | Entered Level 1 of the Shoals
 32015 | Shoals:2 | Reached XP level 18. HP: 95/183 MP: 17/17
 32329 | Shoals:2 | Reached skill level 10 in Armour
 32630 | Shoals:2 | Found a runed translucent gate.
 32631 | Shoals:2 | Found a runed translucent gate.
 32632 | Shoals:2 | Found a runed translucent gate.
 33099 | Shoals:2 | Identified the +2 plate armour of Vyon {rPois rC+ Str+2}
 33103 | Shoals:2 | Got Otsega's Tome of Mutagenic Guile
 33133 | Shoals:1 | Bought the +3 crown of Dyrovepreva {rElec Int+2 SInv} for
                  | 1366 gold pieces
 33133 | Shoals:1 | Found the +3 crown of Dyrovepreva {rElec Int+2 SInv}
 33272 | Shoals:3 | Found Jakyniy's Jewellery Boutique.
 33886 | Shoals:4 | Entered Level 4 of the Shoals
 33886 | Shoals:4 | Found a stormy altar of Qazlal.
 33938 | Shoals:4 | Paralysed by an air elemental for 1 turns
 33945 | Shoals:4 | Paralysed by an air elemental for 1 turns
 34085 | Shoals:4 | Reached skill level 20 in Unarmed Combat
 34295 | Shoals:4 | Paralysed by an air elemental for 1 turns
 34299 | Shoals:4 | Paralysed by an air elemental for 1 turns
 34303 | Shoals:4 | Found a broken altar of Ashenzari.
 34389 | Shoals:4 | Paralysed by an air elemental for 1 turns
 34394 | Shoals:4 | Paralysed by an air elemental for 1 turns
 34546 | Shoals:4 | Got a barnacled rune of Zot
 34606 | Shoals:4 | Identified the +2 barding "Assoh" {+Blink rPois rF- Will+
                  | Dex+3}
 35273 | Elf:1    | Entered Level 1 of the Elven Halls
 35275 | Elf:1    | Identified the +6 chain mail of Jevoust {Stlth+}
 35373 | Elf:1    | Acquired the amulet of Mainkad {Regen+ Stlth+}
 35817 | Elf:1    | Found Bouq's Distillery.
 35826 | Elf:1    | Bought a potion of haste for 120 gold pieces
 36041 | Elf:1    | Identified the +9 rapier of Defence by Offence {freeze,
                  | Fragile rPois Dex+3}
 36394 | Elf:2    | Found a glowing golden altar of the Shining One.
 36401 | Elf:2    | Found a crumbling gateway.
 36401 | Elf:2    | Found a white marble altar of Elyvilon.
 36412 | Elf:2    | Found a glowing silver altar of Zin.
 36452 | Desolati | Entered the Desolation of Salt
 36505 | Desolati | Reached XP level 19. HP: 146/195 MP: 18/18
 36751 | Desolati | Identified the amulet "Coefat" {Faith +Blink}
 36810 | Desolati | Got the Tome of Feathery Imprecation
 36870 | Desolati | Got Haewnaad's Tome of the Chilled Arsonist
 36990 | Desolati | Got Tusot's Quarto of Displacement and Congelation
 37088 | Desolati | HP: 2/196 [halazid warlock/bolt of cold (26)]
 37088 | Desolati | Killed from afar by a ragged hierophant

Illustrated notes

Levels and vault maps discovered:
D:1:      tarquinn_simple_flora_water_d, layout_loops_ring,
          shapermc_ecumenical_altar_mp_vishouse
D:2:      layout_rooms, basic_altar, serial_shops, shop, dk_vineyard_2,
          uniq_crazy_yiuf_cottage
D:3:      layout_basic, pdpol_temple_overflow_zin_treasury_gozag_greed,
          gammafunk_temple_overflow_forgotten, ebering_ghost_disaster_area,
          uniq_natasha, uniq_sigmund
D:4:      cheibrodos_old_hovel, layout_loops_ring,
          nicolae_sif_muna_little_library,
          chequers_temple_overflow_statue_of_worship,
          cheibrodos_sewer_entry_bend, uniq_blork_the_orc
D:5:      layout_rooms, nicolae_uskayaw_murder_on_the_dancefloor,
          minmay_small_thing, uniq_menkaure
D:6:      layout_basic, hellmonk_ghost_happy_afterlife
D:7:      layout_basic, minmay_temple_entry_poolview
D:8:      layout_basic, enter_bailey_3, serial_bayou_crossing,
          uniq_prince_ribbit1
D:9:      layout_roguey, nicolae_tso_swordbearing_angel, david_orc_2,
          hellmonk_ghost_big_iron, wad_dig_loot, uniq_psyche
D:10:     layout_irregular_city, minmay_st_funbox, grunt_ministairs_4,
          hangedman_decor_push, minmay_joined_circles
D:11:     layout_basic, dpeg_lair_monsters, minmay_ruined_shrine
D:12:     layout_roguey
D:13:     layout_basic, grunt_vaults_entry_fortified, kennysheep_slug_shrine
D:14:     layout_stronghold, nrook_pool_corridor
D:15:     grunt_enter_depths_hoard, layout_loops_ring, serial_bayou_pond_b
Lair:1:   layout_cave_pods
Lair:2:   layout_chaotic_city, columned_hall_lemuel, st_stairs_12,
          grunt_megastairs_4, serial_bayou_shore_b, uniq_amaemon
Lair:3:   layout_hall_layers, elwin_shoals_entry_rooms,
          hellmonk_spider_entry_life_and_decay, kennysheep_rathole,
          infiniplex_staircase_pool_2, uniq_snorg
Lair:4:   layout_big_grid, beast_lair_carwin_1, lemuel_fruit_tree
Lair:5:   evilmike_catoblepas_cave, layout_hall_layers, dpeg_slime_entry_corner,
          disabler_island, uniq_urug
Shoals:1: layout_shoals
Shoals:2: nzn_motion_control, layout_shoals, nicolae_shoals_beach_cooler
Shoals:3: layout_shoals, serial_shops, shop_statue
Shoals:4: shoals_end_hellmonk_storm_palace [storm_palace_center_circular,
          storm_palace_corner_altar, storm_palace_corner_grid,
          storm_palace_corner_narrow, storm_palace_corner_altar]
Spider:1: layout_cave_pods, drop_trap
Spider:2: layout_cave_pods, ebering_ghost_rock_garden, uniq_aizul, uniq_roxanne
Spider:3: layout_cave_pods, portal_ice_cave_entry_pillars_1
Spider:4: hellmonk_spider_rune_endless_swarm, einodemon_crawler_minivault
Orc:1:    layout_diamond_mine, serial_shops, nicolae_shop_waterfront,
          minmay_orc_temple_c
Orc:2:    st_orc_ogre_mass, layout_caves, serial_shops, shop
Elf:1:    layout_geoelf_grid, serial_shops, nicolae_shop_crystal,
          hangedman_elf_represent
Elf:2:    nicolae_elf_blades_splatter_lattice [infiniplex_blade_entry_pillars],
          layout_geoelf_grid, serial_shops, shop_fountains,
          portal_desolation_entry_holy_temple
Desolation

Skill      XL: |  1  2  3  4  5  6  7  8  9 10 11 12 13 14 15 16 17 18 |
---------------+-------------------------------------------------------+-----
Unarmed Combat | 3 4 5 6 7 9 10 11 12 14 15 16 17 18 19 20 | 20.7
Fighting       | 3 4 6 7 8 9 11 12 13 | 13.8
Shields        | 3 5 6 11 12 13 | 13.3
Dodging        | 3 4 5 6 |  6.5
Throwing       | 2 5 6 8 9 10 11 | 11.9
Armour         | 2 4 6 7 8 9 10 | 10.8
Evocations     | 3 4 5 6 |  6.0

Action                   |  1- 3 |  4- 6 |  7- 9 | 10-12 | 13-15 | 16-18 | 19-21 || total
-------------------------+-------+-------+-------+-------+-------+-------+-------++-------
Melee: Unarmed           |    86 |   103 |   348 |   495 |  1383 |  1694 |   126 ||  4235
Throw: Stone             |     2 |     3 |    31 |    32 |   137 |       |       ||   205
       Throwing net      |       |       |       |     1 |       |       |       ||     1
       Boomerang         |       |       |       |    17 |    68 |       |       ||    85
       Large rock        |       |       |       |     2 |     6 |    50 |     1 ||    59
       Javelin           |       |       |       |       |     1 |    20 |     1 ||    22
Invok: Call Merchant     |       |       |       |       |     3 |     4 |       ||     7
       Potion Petition   |       |       |       |       |       |     2 |       ||     2
Evoke: Wand              |       |       |     6 |     7 |    11 |     6 |       ||    30
       Phantom mirror    |       |       |       |       |       |     1 |       ||     1
       Condenser vane    |       |       |       |       |       |     1 |       ||     1
  Use: Potion            |       |     1 |     2 |     4 |     4 |    16 |     1 ||    28
       Scroll            |       |       |    17 |    11 |     7 |    14 |     6 ||    55
 Stab: Sleeping          |       |     1 |       |       |     8 |     5 |       ||    14
       Distracted        |       |       |     2 |     5 |    17 |     9 |     2 ||    35
       Paralysed         |       |       |       |     4 |       |       |       ||     4
       Petrified         |       |       |       |       |     3 |       |       ||     3
       Held in net/web   |       |       |       |       |       |     1 |       ||     1
Armor: Robe              |    26 |    26 |    49 |     3 |       |       |       ||   104
       Shadow dragon sca |       |       |       |   168 |   412 |   959 |    65 ||  1604
Dodge: Dodged            |    20 |    25 |   119 |   111 |   359 |   642 |    37 ||  1313
Block: Kite shield       |     9 |    40 |   135 |   206 |   577 |  1043 |    79 ||  2089
